 Dungeon Crawl Stone Soup version 0.28-b1-1-g3c77fb2ed1 (webtiles) character file.

Game seed: 10095086243211516994

21 cayde69 the Skirmisher (level 2, -17/28 HPs)
             Began as a Draconian Berserker on Jan 28, 2022.
             Was a Follower of Trog.
             Engulfed by a cloud of flame (18 damage)
             ... on level 2 of the Dungeon.
             The game lasted 00:05:14 (893 turns).

cayde69 the Skirmisher (Draconian Berserker)         Turns: 893, Time: 00:05:15

Health: -17/28     AC:  4    Str: 19    XL:     2   Next: 65%
Magic:  2/2        EV: 12    Int:  7    God:    Trog [*.....]
Gold:   48         SH:  0    Dex: 10    Spells: 1/1 levels left

rFire   . . .      SeeInvis .   d - +1 dagger (venom)
rCold   . . .      Faith    .   (no shield)
rNeg    . . .      Spirit   .   (armour unavailable)
rPois   .          Reflect  .   (helmet restricted)
rElec   .          Harm     .   (no cloak)
rCorr   .          Rampage  .   (no gloves)
Will    .....                   (no boots)
Stlth   +.........              (no amulet)
HPRegen 0.09/turn               (no ring)
MPRegen 0.08/turn               (no ring)

@: no status effects
A: AC +4, unfitting armour, cold-blooded
a: Renounce Religion, Berserk


You were on level 2 of the Dungeon.
You worshipped Trog.
Trog was aware of your devotion.
You visited 1 branch of the dungeon, and saw 2 of its levels.

You collected 48 gold pieces.

Inventory:

Hand Weapons
 a - a +0 short sword
 d - a +1 dagger of venom (weapon)
Missiles
 e - 21 sling bullets
 f - 18 arrows
 g - 16 stones (quivered)
Armour
 j - a +0 plate armour
Scrolls
 b - 2 scrolls of identify {unknown}
 c - a scroll of teleportation {unknown}
 h - a scroll of blinking {unknown}
Potions
 i - 2 potions of attraction {unknown}


   Skills:
 + Level 4.4 Fighting
 - Level 3.0 Short Blades
 - Level 2.6 Dodging


You had one spell level left.
You didn't know any spells.
Your spell library was empty.

Dungeon Overview and Level Annotations

Branches:
Dungeon (2/15)

Altars:


Innate Abilities, Weirdness & Mutations

Your plain brown scales are hard. (AC +4)
You cannot fit into any form of body armour.
You are cold-blooded and may be slowed by cold attacks.


Message History

You hit the goblin.
The goblin looks even sicker.
The goblin is severely wounded.
You kill the goblin!
Trog accepts your kill. The bat hits you but does no damage.
The bat misses you. The bat hits you but does no damage.
The bat closely misses you.
Things that are here:
a +0 dagger; a +0 hunting sling; 23 stones The bat closely misses you.
The bat misses you.
You hit the bat but do no damage. The bat barely misses you. x2
You miss the bat. The bat misses you.
You hit the bat.
You kill the bat!
Trog accepts your kill.
No target in view!
No target in view!
Found a jewelled brass wand and 10 gold pieces.
Really walk into a travel-excluded area? [Y]es or [N]o only, please.
Really walk into a travel-excluded area? [Y]es or [N]o only, please.
Really walk into a travel-excluded area?
Okay, then.
Found a pair of gloves.
Found 2 fizzy red potions.
Found 2 gold pieces.
You now have 48 gold pieces (gained 2).
Really walk into a travel-excluded area?
Really walk into that cloud of flame? [Y]es or [N]o only, please.
Really walk into that cloud of flame?
Okay, then.
You are engulfed in blazing flames.
You are engulfed in blazing flames.
Ouch! That really hurt!
* * * LOW HITPOINT WARNING * * *
You are engulfed in blazing flames.
Ouch! That really hurt!
You die...

#.# #§☼§# #..#
#.# #.○.# #..#
#.# #§.§# #.##
#.#####...#####.#
#..§○°.$/..°§○..#
#..§○......§○°..#
##.○...[.!.§○☼..#
#####...#####.#
#☼○@# #.# #°○§#
#.# #§§§# #.#
#...#####.#
##........#
##########


There were no monsters in sight!

Vanquished Creatures
  A worm (D:2)
  2 ball pythons (D:1)
  A goblin (D:2)
  2 hobgoblins
  3 jackals (D:2)
  A quokka (D:1)
  3 bats
  A frilled lizard (D:2)
  2 kobolds (D:1)
  2 rats
18 creatures vanquished.

Notes
Turn   | Place    | Note
-------+----------+-------------------------------------------
     0 | D:1      | cayde69 the Draconian Berserker began the quest for the
                  | Orb.
     0 | D:1      | Reached XP level 1. HP: 19/19 MP: 1/1
    88 | D:1      | Found a faded altar of an unknown god.
   363 | D:1      | Reached XP level 2. HP: 27/27 MP: 2/2
   561 | D:2      | Reached skill level 4 in Fighting
   892 | D:2      | HP: 1/28 [something (20)]
   893 | D:2      | Engulfed by a cloud of flame

Illustrated notes

Levels and vault maps discovered:
D:1:      enne_arrival_octagon_isle, layout_loops_ring, basic_ecumenical_altar
D:2:      kennysheep_six_static_rooms, layout_basic, lemuel_flame_loot_1

Skill      XL: |  1  2 |
---------------+-------+-----
Fighting       | 4 |  4.4
Short Blades   | |  3.0
Dodging        | |  2.6

Action                   || total
-------------------------++-------
Melee: Short sword       ||    18
       Dagger            ||    51
       Tailslap          ||     9
Armor: Skin              ||    25
Dodge: Dodged            ||    56
